 Dungeon Crawl Stone Soup version 0.24.0-13-gcf9b3192b9 (webtiles) character file.

Game seed: 16132040004409147666, levelgen mode: deterministic

184 Masnef the Vexing (level 5, 0/38 HPs)
             Began as a Draconian Enchanter on Nov 7, 2019.
             Succumbed to a worker ant's poison
             ... on level 3 of the Dungeon.
             The game lasted 00:04:53 (3072 turns).

Masnef the Vexing (Draconian Enchanter)             Turns: 3072, Time: 00:04:54

Health: 0/38       AC:  5    Str: 11    XL:     5   Next: 36%
Magic:  7/8        EV: 12    Int: 16    God:
Gold:   114        SH:  0    Dex: 11    Spells: 2/8 levels left

rFire    x . .     SeeInvis .   p - +1 short sword (flame)
rCold    + . .     Gourm    .   (no shield)
rNeg     . . .     Faith    .   (armour unavailable)
rPois    .         Spirit   .   (helmet restricted)
rElec    .         Reflect  .   (no cloak)
rCorr    .         Harm     .   (no gloves)
MR       .....                  (no boots)
Stlth    ++........             v - amulet of magic regeneration
HPRegen  0.12/turn              n - ring of ice
MPRegen  0.36/turn              (no ring)

@: lethally poisoned (0 -> -8), invisible
A: unfitting armour, cold-blooded, AC +5
a: no special abilities


You were on level 3 of the Dungeon.
You were hungry.

You visited 1 branch of the dungeon, and saw 4 of its levels.

You collected 114 gold pieces.

Inventory:

Hand Weapons
 a - a +1 dagger
 p - a +1 short sword of flaming (weapon)
Jewellery
 n - a ring of ice (left hand)
 v - an amulet of magic regeneration (around neck)
Scrolls
 b - a scroll of identify
 d - a scroll of noise {unknown}
 e - a scroll of fear {unknown}
 l - 2 scrolls of teleportation {unknown}
 o - a scroll of immolation {unknown}
 q - a scroll of amnesia {unknown}
 t - a scroll of enchant weapon {unknown}
Potions
 f - 2 potions of might
 h - a potion of curing {unknown}
 j - a potion of heal wounds {unknown}
 k - a potion of mutation
 m - a potion of agility {unknown}
 r - a potion of brilliance
 s - a potion of lignification {unknown}
 u - a potion of resistance {unknown}
Comestibles
 c - 9 rations


   Skills:
 + Level 3.0 Short Blades
 - Level 1.8 Dodging
 + Level 3.5 Stealth
 - Level 2.0 Spellcasting
 * Level 4.2 Hexes


You had 2 spell levels left.
You knew the following spells:

 Your Spells              Type           Power        Failure   Level  Hunger
a - Corona                Hex            ###....      3%          1    #......
b - Ensorcelled Hibernat  Hex/Ice        ##....       13%         2    ###....
c - Confuse               Hex            ###.....     11%         3    ###....

Your spell library contained the following spells:

 Spells                   Type           Power        Failure   Level  Hunger
 Slow                     Hex            ###.....     5%          2    ###....
 Magic Dart               Conj           #...         21%         1    #......
 Blink                    Tloc           N/A          30%         2    ###....
 Call Imp                 Summ           #.......     30%         2    ###....
 Tukima's Dance           Hex            ###.....     11%         3    ###....
 Dazzling Spray           Conj/Hex       #.....       26%         3    ###....
 Conjure Flame            Conj/Fire      #.......     52%         3    ###....
 Mephitic Cloud           Conj/Pois/Air  #.......     52%         3    ###....


Dungeon Overview and Level Annotations

Branches:
Dungeon (4/15)
 Temple: D:4-7

Altars:
The Shining One

Annotations:
D:4 Grinder


Innate Abilities, Weirdness & Mutations

Your plain brown scales are hard. (AC +5)
You cannot fit into any form of body armour.
You are cold-blooded and may be slowed by cold attacks.


Message History

You hit the worker ant but do no damage.
The worker ant is almost dead.
* * * LOW HITPOINT WARNING * * *
You feel sick.
* * * LOW HITPOINT WARNING * * *
You feel sick.
* * * LOW HITPOINT WARNING * * *
You feel sick.
You barely miss the worker ant.
You tail-slap the worker ant, but do no damage.
The worker ant is almost dead.
The worker ant misses you.
You hit the worker ant. You burn the worker ant.
You kill the worker ant!
Your Short Blades skill increases to level 3!
* * * LOW HITPOINT WARNING * * *
You feel sick.
It was a potion of invisibility.
You fade into invisibility!
You die...

################################
#...............................
#.###########.#######........###
##.#.........#.# #........#
.#.#.#######.#.# #........#
.#.........#.#.# #........#
.###)#####.#.#.#######........###
.# #.# #.#.#>.@................
.# #.#####.#.#########...........
.# #.....#)#.# #######.....
########.#.#.#### #.....
.........#......# #...##
############....# ###... .#
###### #....# #... .####....#
#....# #... ......##.# #....#
#...


There were no monsters in sight!

Vanquished Creatures
  An orc priest (D:3)
  Jessica (D:3)
  A worker ant (D:3)
  An adder (D:3)
  An ooze (D:3)
  2 worms (D:2)
  4 dart slugs
  4 leopard geckos
  3 orcs (D:3)
  2 ball pythons
  9 bats
  2 giant cockroaches (D:3)
  11 goblins
  8 hobgoblins
  8 kobolds
  A quokka (D:2)
  6 frilled lizards
  8 rats
73 creatures vanquished.

Notes
Turn   | Place    | Note
-------+----------+-------------------------------------------
     0 | D:1      | Masnef the Draconian Enchanter began the quest for the Orb.
     0 | D:1      | Reached XP level 1. HP: 14/14 MP: 3/3
   282 | D:1      | Reached XP level 2. HP: 16/20 MP: 5/5
   286 | D:1      | Learned a level 2 spell: Ensorcelled Hibernation
   498 | D:1      | Reached skill level 3 in Hexes
   763 | D:1      | Reached XP level 3. HP: 6/26 MP: 1/6
  1017 | D:1      | Learned a level 3 spell: Confuse
  1101 | D:2      | Found a glowing golden altar of the Shining One.
  1995 | D:3      | Reached XP level 4. HP: 33/33 MP: 7/7
  2293 | D:3      | Noticed Jessica
  2302 | D:3      | Killed Jessica
  2551 | D:3      | Reached skill level 4 in Hexes
  2551 | D:3      | Reached XP level 5. HP: 24/38 MP: 2/8
  3007 | D:4      | Noticed Grinder
  3071 | D:3      | HP: 1/38 [poisoned by a worker ant]
  3072 | D:3      | Succumbed to a worker ant's poison

Levels and vault maps discovered:
D:1:      dpeg_arrival_pits, layout_basic
D:2:      layout_rooms, nicolae_overflow_hidden_temple, minmay_box_of_dots
D:3:      layout_basic, first_ration, uniq_jessica
D:4:      layout_cave_pods, gammafunk_temple_overflow_forgotten, uniq_grinder

Skill      XL: |  1  2  3  4  5 |
---------------+----------------+-----
Short Blades   | 2 3 |  3.0
Hexes          | 3 4 |  4.2
Stealth        | 3 |  3.5
Dodging        | |  1.8
Spellcasting   | |  2.0

Action                   |  1- 3 |  4- 6 || total
-------------------------+-------+-------++-------
Melee: Dagger            |   117 |       ||   117
       Tailslap          |    15 |     4 ||    19
       Short sword       |    25 |    79 ||   104
 Cast: Ensorcelled Hiber |     6 |     2 ||     8
       Confuse           |       |     2 ||     2
  Use: Scroll            |       |     5 ||     5
       Potion            |       |     1 ||     1
 Stab: Sleeping          |    13 |     5 ||    18
       Distracted        |     1 |       ||     1
  Eat: Chunk             |     4 |     3 ||     7
Armor: Skin              |    43 |    18 ||    61
Dodge: Dodged            |    65 |    54 ||   119
